 Dungeon Crawl Stone Soup version 0.30-a0-166-g5d06c95188 (webtiles) character file.

Game seed: 18348099448602612620

77610 qw the Severer (level 15, -4/96 HPs)
             Began as a Gargoyle Fighter on Sept 29, 2022.
             Was a High Priest of Okawaru.
             Killed by divine providence
             ... invoked by a meliai
              (15 damage)
             ... on level 15 of the Dungeon.
             The game lasted 00:08:53 (24101 turns).

qw the Severer (Gargoyle Fighter)                  Turns: 24101, Time: 00:08:54

Health: -4/96      AC: 36    Str: 26    XL:     15   Next: 57%
Magic:  21/22      EV: 15    Int: 10    God:    Okawaru [*****.]
Gold:   1543       SH: 13    Dex: 11    Spells: 14/14 levels left

rFire   . . .      SeeInvis .    Y - +3 broad axe (vorpal)
rCold   . . .      Faith    .    e - +0 kite shield
rNeg    + + +      Spirit   .    A - +8 chain mail "Xastragye" {+Blink +Inv Dex+2}
rPois   inf        Reflect  .    (helmet restricted)
rElec   +          Harm     .    i - +2 cloak
rCorr   .          Rampage  +    (no gloves)
Will    +....                    (no boots)
Stlth   ..........               p - amulet "Xisuted" {Acrobat Rampage *Slow rPois rN+++}
HPRegen 0.26/turn                b - +4 ring of evasion
MPRegen 0.18/turn                z - +4 ring of slaying {mikee}

@: heroic, flying, slowed, very slow
A: sickness immunity, AC +11, big wings, negative energy resistance 1,
electricity resistance, torment resistance 1, petrification resistance, horns 1
a: Renounce Religion, Evoke Blink, Evoke Invisibility, Heroism, Finesse, Duel


You were on level 15 of the Dungeon.
You worshipped Okawaru.
Okawaru was extremely pleased with you.
You visited 3 branches of the dungeon, and saw 21 of its levels.
You also visited: Gauntlet.

You collected 1994 gold pieces.
You spent 451 gold pieces at shops.


Innate Abilities, Weirdness & Mutations

You are immune to sickness and miasma.
Your stone body is resilient. (AC +11)
You are immune to poison.
Your large and strong wings let you fly.
You resist negative energy. (rN+)
You are resistant to electric shocks. (rElec)
You are resistant to unholy torment.
You are immune to petrification.
You have a pair of small horns on your head.


   Skills:
 - Level 12.0(17.0) Fighting
 - Level 16.6(21.6) Axes
 - Level 7.0(12.0) Throwing
 - Level 10.0(15.0) Armour
 - Level 3.0(8.0) Dodging
 + Level 11.2(16.2) Shields
 - Level 10.0 Invocations


You had 14 spell levels left.
You didn't know any spells.
Your spell library was empty.

Inventory:

Hand Weapons
 n - the +5 demon whip "Spellbinder" {antimagic, Will+}
   (You found it on level 7 of the Dungeon)

   It reduces the magical energy of the wielder, and disrupts the spells and
   magical abilities of those it strikes.
   Natural abilities and divine invocations are not affected.
   It unleashes wild and unpredictable magical effects upon striking a wizard or
   a creature with magical abilities.
   Will:      It increases your willpower.
 Y - a +3 vorpal broad axe (weapon)
Missiles
 l - 16 boomerangs
 t - 5 silver javelins (quivered)
 v - 9 javelins
Armour
 e - a +0 kite shield (worn)
 i - a +2 cloak (worn)
 y - +0 acid dragon scales
 A - the +8 chain mail "Xastragye" (worn) {+Blink +Inv Dex+2}
   (Okawaru gifted it to you on level 10 of the Dungeon)

   Dex:       It affects your dexterity (+2).
   +Inv:      It lets you turn invisible.
   +Blink:    It lets you blink.
Jewellery
 b - a +4 ring of evasion (left hand)
 p - the amulet "Xisuted" (around neck) {Acrobat Rampage *Slow rPois rN+++}
   (You found it in a Gauntlet)

   [amulet of the acrobat]

   It increases your evasion while moving and waiting.
   rPois:     It protects you from poison.
   rN:        It renders you almost immune to negative energy.
   *Slow:     It may slow you when you take damage.
   Rampage:   It bestows one free step when moving towards enemies.
 q - a ring of protection from fire
 u - a ring of resist corrosion
 x - the ring "Ruigizuoda" {rPois rF+ MP+9}
   (You found it on level 5 of the Lair of Beasts)

   [ring of magical power]

   rF:        It protects you from fire.
   rPois:     It protects you from poison.
   MP:        It affects your magic capacity (+9).
 z - a +4 ring of slaying (right hand) {mikee}
Scrolls
 j - 11 scrolls of identify
 s - 6 scrolls of teleportation
Potions
 a - a potion of magic
 d - 8 potions of might
 f - 2 potions of haste
 k - 7 potions of curing
 m - 4 potions of mutation
 o - 5 potions of lignification
 r - 2 potions of attraction
 w - a potion of heal wounds

Dungeon Overview and Level Annotations

Branches:
Dungeon (15/15)            Temple (1/1) D:6            Lair (5/5) D:8
  Swamp (0/4) Lair:2       Spider (0/4) Lair:2        Slime (0/5) Lair:4
    Orc (0/2) D:10         Vaults (0/5) D:14        Gauntlet (visited)
 Depths: D:15

Altars:
Ashenzari
Cheibriados
Dithmenos
Elyvilon
Fedhas
Gozag
Hepliaklqana
Kikubaaqudgha
Makhleb
Nemelex Xobeh
Okawaru
Qazlal
Ru
Sif Muna
Trog
Uskayaw
Vehumet
Wu Jian
Xom
Yredelemnul
Zin
The Shining One
Jiyva

Shops:
D:2 *   D:7 (:=   D:13 (

Annotations:
Lair:2 2 transporters, qw's ghost, journeyman GrFi


Message History

There are monsters nearby!
Existing waypoints: (1) D:14 (2) D:13 Assign waypoint to what number? (0-9, D - delete waypoint) Waypoint 2 re-assigned from D:13 to D:15.
Enter note:
24096 ||| INVOKING Heroism.
You gain the combat prowess of a mighty hero.
A meliai comes into view. It is wielding a +0 hand axe.
The death knight offers itself to Yredelemnul, and fills with unholy energy.
The meliai invokes the aid of its god against you.
Something smites you!
You barely miss the death knight. You slash the death knight!
The death knight is lightly wounded.
The death knight reflects your damage back at you!
A meliai comes into view. It is wielding a +0 hand axe.
A freezing wraith comes into view.
You block the death knight's attack.
The meliai invokes the aid of its god against you.
Something smites you!
The meliai buzzes angrily.
You slice the death knight!!
You headbutt the death knight, but do no damage.
The death knight is severely wounded.
You barely miss the meliai.
The death knight reflects your damage back at you!
You hear a shout!
The death knight hits you but does no damage.
You slice the death knight like a ripe choko!!!
You kill the death knight!
Okawaru accepts your kill.
You barely miss the meliai.
Your damage is reflected back at you!
You feel yourself slow down. The meliai barely misses you.
The meliai completely misses you.
The meliai invokes the aid of its god against you.
Something smites you!
The meliai calls down the wrath of its god upon you.
Something smites you!
You die...

##########.
#.........#
#........##
#..........
#..........
#.)........
#.@........
#.yy.......
#.....y....
#..........
.......$....
.............
........W....$.
.###...##.#....
#..# .#....


You could see a freezing wraith and 3 meliai.

Vanquished Creatures
  Jorgrun (D:14)
  An ironbound preserver (D:14)
  A minotaur (Gauntlet)
  A fire dragon (D:14)
  Harold (Lair:1)
  12 hydras
  A merfolk avatar (Lair:5)
  Erolcha (D:9)
  7 boulder beetles
  5 death yaks (Lair:4)
  Erica (D:11)
  5 centaur warriors
  3 tengu warriors
  A death knight (D:15)
  2 two-headed ogres (D:11)
  2 thrashing horrors (Gauntlet)
  Sonja (Lair:5)
  A sixfirhy (Gauntlet)
  2 sea snakes (Lair:5)
  A harpy (Lair:5)
  A deep elf pyromancer (D:12)
  A wolf spider (Lair:2)
  8 ugly things
  2 cyclopes
  5 manticores
  8 elephants
  7 black mambas
  3 torpor snails
  10 cane toads
  3 gargoyles
  Maggie (D:9)
  15 komodo dragons
  A kobold demonologist (D:11)
  A freezing wraith (D:14)
  2 rime drakes
  A tengu conjurer (D:13)
  A troll (D:11)
  A polar bear (shapeshifter) (D:14)
  2 hornets
  24 blink frogs
  4 polar bears
  4 slime creatures
  2 culicivoras (Lair:2)
  3 snapping turtles (Lair:5)
  3 shadows
  6 wyverns
  5 wraiths
  A vampire (D:12)
  32 yaks
  8 basilisks
  2 steam dragons
  A human (D:10)
  Eustachio (D:5)
  Menkaure (D:7)
  7 vampire mosquitoes
  A warg (D:10)
  Edmund (D:4)
  2 small abominations (Gauntlet)
  2 acid dragons
  13 water moccasins
  8 orc warriors
  5 black bears
  2 ogres
  11 wolves (Lair:1)
  4 centaurs
  A phantom (D:6)
  25 kobold brigands
  15 bullfrogs
  2 necrophages
  A scorpion (D:5)
  4 wights (D:7)
  11 killer bees
  2 electric eels (D:8)
  7 howler monkeys
  5 orc priests
  4 hounds
  A gnoll bouda (D:8)
  A jelly (D:5)
  5 iguanas
  13 orc wizards
  5 hell rats (Lair:4)
  8 gnolls
  8 adders
  A white imp (D:7)
  7 ufetubi
  5 worms
  3 dart slugs
  46 orcs
  8 endoplasms
  2 giant cockroaches
  11 goblins
  A hobgoblin (D:1)
  34 kobolds
  4 quokkas
  6 ball pythons
  9 bats
  6 frilled lizards
  10 rats
547 creatures vanquished.

Vanquished Creatures (others)
  24 fungi
  40 plants
64 creatures vanquished.

Grand Total: 611 creatures vanquished

Notes
Turn   | Place    | Note
-------+----------+-------------------------------------------
     0 | D:1      | qw the Gargoyle Fighter began the quest for the Orb.
     0 | D:1      | Reached XP level 1. HP: 14/14 MP: 1/1
     0 | D:1      | 0 ||| qw: Version: 0.2-a-12-gaebbb33
     0 | D:1      | 0 ||| qw: Game counter: 1030
     0 | D:1      | 0 ||| qw: Always use a shield: true
     0 | D:1      | 0 ||| qw: God list: Okawaru
     0 | D:1      | 0 ||| qw: Allow faded altars: false
     0 | D:1      | 0 ||| qw: Do Orc after D:15 true
     0 | D:1      | 0 ||| qw: Do second Lair branch before Depths: true
     0 | D:1      | 0 ||| qw: Lair rune preference: random
     0 | D:1      | 0 ||| qw: Plans: Normal, Zot:1-4, God:TSO, Crypt, Tomb,
                  | Pan, Slime:5, Hells, Abyss, Orb
     0 | D:1      | 0 ||| PLANNING D:1-11
    99 | D:1      | Reached skill level 2 in Axes
   121 | D:1      | 121 ||| Stepping ~*~*~tactically~*~*~ (stealth).
   158 | D:1      | Reached XP level 2. HP: 19/19 MP: 2/2
   375 | D:1      | 375 ||| Stepping ~*~*~tactically~*~*~ (hiding).
   389 | D:1      | 389 ||| Stepping ~*~*~tactically~*~*~ (stealth).
   402 | D:1      | 402 ||| Stepping ~*~*~tactically~*~*~ (stealth).
   405 | D:1      | 405 ||| Stepping ~*~*~tactically~*~*~ (stealth).
   406 | D:1      | 406 ||| Stepping ~*~*~tactically~*~*~ (stealth).
   603 | D:1      | Reached skill level 3 in Axes
   628 | D:1      | Reached XP level 3. HP: 16/23 MP: 3/3
   760 | D:1      | 760 ||| DROPPING +0 club.
   788 | D:1      | 788 ||| Stepping ~*~*~tactically~*~*~ (stealth).
   824 | D:1      | 824 ||| Stepping ~*~*~tactically~*~*~ (stealth).
  1040 | D:1      | Found a faded altar of an unknown god.
  1143 | D:1      | 1143 ||| DROPPING amulet of magic regeneration.
  1144 | D:1      | 1144 ||| UPGRADING to ring of willpower.
  1145 | D:1      | 1145 ||| UPGRADING to +6 ring of strength.
  1146 | D:1      | 1146 ||| READING scroll labelled SOIT ARIODDA.
  1147 | D:1      | 1147 ||| READING scroll labelled LAPSOE NESKEGEPT.
  1148 | D:1      | 1148 ||| DRINKING 2 viscous purple potions.
  1334 | D:2      | Reached XP level 4. HP: 28/28 MP: 4/4
  1492 | D:2      | 1492 ||| Stepping ~*~*~tactically~*~*~ (stealth).
  1493 | D:2      | 1493 ||| Stepping ~*~*~tactically~*~*~ (stealth).
  1611 | D:2      | Found Zaezeun's Assorted Antiques.
  1628 | D:2      | 1628 ||| SHOPLISTING 2 potions of might (168 gold, have
                  | 141).
  1628 | D:2      | 1628 ||| BUYING glowing mace (126 gold).
  1628 | D:2      | Bought a glowing mace for 126 gold pieces
  1628 | D:2      | 1628 ||| SHOPLISTING lumpy clear potion (18 gold, have 15).
  1628 | D:2      | 1628 ||| SHOPLISTING potion of curing (63 gold, have 15).
  1628 | D:2      | 1628 ||| SHOPLISTING scroll labelled BOFAEQ OVIUT (21 gold,
                  | have 15).
  1628 | D:2      | 1628 ||| SHOPLISTING scroll of identify (42 gold, have 15).
  1628 | D:2      | 1628 ||| DROPPING +0 whip.
  1650 | D:2      | Reached skill level 4 in Axes
  1673 | D:2      | 1673 ||| Stepping ~*~*~tactically~*~*~ (hiding).
  1783 | D:2      | 1783 ||| Stepping ~*~*~tactically~*~*~ (stealth).
  2324 | D:2      | 2324 ||| READING scroll labelled VUNLAL OGUCIP.
  2325 | D:2      | 2325 ||| READING scroll labelled POUTOMEOSIG.
  2367 | D:3      | You fall into a shaft and drop 2 floors!
  2367 | D:5      | Entered Level 5 of the Dungeon
  2400 | D:5      | Noticed a water moccasin
  2411 | D:5      | Killed a water moccasin
  2412 | D:5      | Reached skill level 5 in Axes
  2412 | D:5      | Reached XP level 5. HP: 23/32 MP: 5/5
  2525 | D:5      | 2525 ||| READING scroll labelled WUARUU NEARAPS.
  2656 | D:4      | Reached skill level 1 in Dodging
  2656 | D:4      | Reached XP level 6. HP: 23/37 MP: 6/6
  2863 | D:4      | 2863 ||| READING 3 scrolls labelled MINENNOGAL.
  2864 | D:4      | 2864 ||| DROPPING 2 scrolls of amnesia.
  2883 | D:3      | 2883 ||| Stepping ~*~*~tactically~*~*~ (stealth).
  2886 | D:3      | 2886 ||| Stepping ~*~*~tactically~*~*~ (stealth).
  3082 | D:3      | Found an ancient bone altar of Kikubaaqudgha.
  3488 | D:3      | 3488 ||| DROPPING +1 mace of venom.
  3527 | D:3      | 3527 ||| Stepping ~*~*~tactically~*~*~ (stealth).
  3528 | D:3      | 3528 ||| Stepping ~*~*~tactically~*~*~ (stealth).
  3530 | D:3      | 3530 ||| Stepping ~*~*~tactically~*~*~ (stealth).
  3531 | D:3      | 3531 ||| Stepping ~*~*~tactically~*~*~ (stealth).
  3566 | D:3      | Identified the +1 ring mail "Ukupril" {Rampage rElec Dex+6}
  3786 | D:3      | 3786 ||| UPGRADING to +0 cloak.
  3791 | D:3      | 3791 ||| UPGRADING to +1 ring mail "Ukupril" {Rampage rElec
                  | Dex+6}.
  3801 | D:3      | 3801 ||| DROPPING +0 scale mail.
  3802 | D:3      | 3802 ||| READING scroll labelled OGAYXZ ROFEIMI.
  3803 | D:3      | 3803 ||| READING scroll labelled GOFEYN YCUT.
  3847 | D:4      | 3847 ||| STAIRDANCE
  4071 | D:4      | 4071 ||| Stepping ~*~*~tactically~*~*~ (stealth).
  4157 | D:4      | 4157 ||| READING scroll of enchant weapon.
  4157 | D:4      | 4157 ||| ENCHANTING +1 war axe.
  4187 | D:4      | Noticed a black bear
  4188 | D:4      | 4188 ||| Stepping ~*~*~tactically~*~*~ (stealth).
  4189 | D:4      | 4189 ||| Stepping ~*~*~tactically~*~*~ (stealth).
  4197 | D:4      | Killed a black bear
  4442 | D:4      | 4442 ||| Stepping ~*~*~tactically~*~*~ (stealth).
  4484 | D:4      | Reached skill level 6 in Axes
  4484 | D:4      | Reached XP level 7. HP: 25/43 MP: 7/7
  4500 | D:4      | Noticed Edmund
  4501 | D:4      | 4501 ||| FLEEEEING.
  4502 | D:4      | 4502 ||| FLEEEEING.
  4503 | D:4      | 4503 ||| FLEEEEING.
  4504 | D:4      | 4504 ||| FLEEEEING.
  4505 | D:4      | 4505 ||| FLEEEEING.
  4506 | D:4      | 4506 ||| FLEEEEING.
  4507 | D:4      | 4507 ||| FLEEEEING.
  4508 | D:4      | 4508 ||| FLEEEEING.
  4509 | D:4      | 4509 ||| FLEEEEING.
  4510 | D:4      | 4510 ||| FLEEEEING.
  4516 | D:4      | 4516 ||| FLEEEEING.
  4517 | D:4      | 4517 ||| FLEEEEING.
  4518 | D:4      | 4518 ||| FLEEEEING.
  4519 | D:4      | 4519 ||| FLEEEEING.
  4520 | D:4      | 4520 ||| FLEEEEING.
  4521 | D:4      | 4521 ||| FLEEEEING.
  4531 | D:4      | 4531 ||| STAIRDANCE
  4621 | D:3      | 4621 ||| UPGRADING to +4 ring of evasion.
  4623 | D:3      | 4623 ||| DROPPING ring of willpower.
  4624 | D:3      | 4624 ||| READING scroll labelled SOXTOI POENGA.
  4625 | D:3      | 4625 ||| DRINKING 2 lumpy purple potions.
  4626 | D:3      | 4626 ||| READING 4 scrolls of identify.
  4626 | D:3      | 4626 ||| IDENTIFYING cyan potion
  4627 | D:3      | 4627 ||| READING 3 scrolls of identify.
  4627 | D:3      | 4627 ||| IDENTIFYING purple potion
  4628 | D:3      | 4628 ||| READING 2 scrolls of identify.
  4628 | D:3      | 4628 ||| IDENTIFYING lumpy clear potion
  4629 | D:3      | 4629 ||| DROPPING potion of berserk rage.
  4630 | D:3      | 4630 ||| DROPPING potion of brilliance.
  4644 | D:4      | HP: 7/43 [Edmund/+1 dire flail of holy wrath (5)]
  4645 | D:4      | 4645 ||| READING scroll of teleportation.
  4646 | D:4      | 4646 ||| DRINKING potion of heal wounds.
  4658 | D:4      | Killed Edmund
  4821 | D:4      | 4821 ||| FLEEEEING.
  4822 | D:4      | 4822 ||| FLEEEEING.
  4924 | D:4      | 4924 ||| UPGRADING to +2 scale mail of fire resistance.
  4934 | D:4      | 4934 ||| DROPPING +1 ring mail "Ukupril" {Rampage rElec
                  | Dex+6}.
  4961 | D:5      | 4961 ||| Stepping ~*~*~tactically~*~*~ (stealth).
  4963 | D:5      | 4963 ||| Stepping ~*~*~tactically~*~*~ (stealth).
  4965 | D:5      | 4965 ||| Stepping ~*~*~tactically~*~*~ (stealth).
  5050 | D:5      | 5050 ||| Stepping ~*~*~tactically~*~*~ (stealth).
  5051 | D:5      | 5051 ||| Stepping ~*~*~tactically~*~*~ (stealth).
  5078 | D:5      | Reached skill level 7 in Axes
  5118 | D:5      | 5118 ||| Stepping ~*~*~tactically~*~*~ (stealth).
  5121 | D:5      | 5121 ||| Stepping ~*~*~tactically~*~*~ (stealth).
  5131 | D:5      | Reached XP level 8. HP: 48/48 MP: 8/8
  5154 | D:5      | 5154 ||| Stepping ~*~*~tactically~*~*~ (stealth).
  5235 | D:5      | Noticed Eustachio
  5243 | D:5      | Killed Eustachio
  5765 | D:5      | Reached skill level 8 in Axes
  5806 | D:5      | 5806 ||| DRINKING 2 potions of curing.
  5806 | D:5      | 5806 ||| (to cure confusion)
  5871 | D:5      | Reached skill level 6 in Fighting
  6086 | D:6      | Found a shimmering altar of Xom.
  6090 | D:6      | Found a blossoming altar of Fedhas.
  6090 | D:6      | Found a radiant altar of Vehumet.
  6103 | D:6      | Reached skill level 1 in Throwing
  6184 | D:6      | Found a sacrificial altar of Ru.
  6384 | D:6      | Reached XP level 9. HP: 48/55 MP: 9/9
  6543 | D:6      | Found a staircase to the Ecumenical Temple.
  6544 | D:6      | 6544 ||| PLANNING TEMPLE
  6544 | D:6      | 6544 ||| READING scroll labelled HEIXAEBOUSK.
  6545 | D:6      | 6545 ||| READING 3 scrolls of identify.
  6545 | D:6      | 6545 ||| IDENTIFYING fuming puce potion
  6546 | D:6      | 6546 ||| READING 2 scrolls of identify.
  6546 | D:6      | 6546 ||| IDENTIFYING fizzy blue potion
  6547 | D:6      | 6547 ||| DROPPING potion of flight.
  6553 | Temple   | Entered the Ecumenical Temple
  6620 | Temple   | 6620 ||| PLANNING OKAWARU WORSHIP
  6853 | Temple   | Became a worshipper of Warmaster Okawaru
  6854 | Temple   | 6854 ||| PLANNING D:1-11
  7037 | D:7      | Found the +5 demon whip "Spellbinder" {antimagic, Will+}
  7042 | D:7      | Noticed a gargoyle
  7043 | D:7      | 7043 ||| Stepping ~*~*~tactically~*~*~ (hiding).
  7055 | D:7      | HP: 8/55 [gargoyle/+0 flail (10)]
  7058 | D:7      | Killed a gargoyle
  7059 | D:7      | Reached skill level 9 in Axes
  7316 | D:7      | Found Fomuoco's Weapon Shop.
  7322 | D:7      | 7322 ||| DROPPING +2 flail of protection.
  7500 | D:7      | 7500 ||| SWAPPING to +3 vorpal war axe.
  7501 | D:7      | 7501 ||| DROPPING +2 war axe.
  7692 | D:7      | Reached * piety under Okawaru
  7699 | D:7      | Reached skill level 1 in Invocations
  7709 | D:7      | 7709 ||| INVOKING Heroism.
  7710 | D:7      | 7710 ||| INVOKING Heroism.
  7830 | D:7      | 7830 ||| Stepping ~*~*~tactically~*~*~ (stealth).
  7854 | D:7      | Noticed Menkaure
  7855 | D:7      | 7855 ||| INVOKING Heroism.
  7859 | D:7      | Killed Menkaure
  7860 | D:7      | Reached skill level 10 in Axes
  7920 | D:7      | 7920 ||| Stepping ~*~*~tactically~*~*~ (stealth).
  7963 | D:7      | Reached skill level 3 in Invocations
  7974 | D:7      | 7974 ||| INVOKING Heroism.
  8018 | D:7      | 8018 ||| Stepping ~*~*~tactically~*~*~ (stealth).
  8019 | D:7      | 8019 ||| Stepping ~*~*~tactically~*~*~ (stealth).
  8144 | D:7      | Reached XP level 10. HP: 60/64 MP: 11/13
  8182 | D:7      | 8182 ||| Stepping ~*~*~tactically~*~*~ (stealth).
  8202 | D:7      | Reached ** piety under Okawaru
  8211 | D:7      | 8211 ||| Stepping ~*~*~tactically~*~*~ (stealth).
  8288 | D:7      | 8288 ||| READING scroll of enchant armour.
  8288 | D:7      | 8288 ||| ENCHANTING +0 cloak.
  8396 | D:7      | Found Xudaipt's Book Shop.
  8517 | D:7      | Found Huleupha's Jewellery Shoppe.
  8522 | D:7      | 8522 ||| SHOPLISTING amulet of regeneration (390 gold, have
                  | 337).
  8522 | D:7      | 8522 ||| BUYING ring of protection from fire (325 gold).
  8522 | D:7      | Bought a ring of protection from fire for 325 gold pieces
  8522 | D:7      | 8522 ||| SHOPLISTING ring of see invisible (195 gold, have
                  | 12).
  8587 | D:7      | 8587 ||| UPGRADING to +0 helmet.
  8592 | D:7      | 8592 ||| READING scroll labelled LISSAHA FEUVA.
  8656 | D:7      | 8656 ||| READING 2 scrolls of identify.
  8656 | D:7      | 8656 ||| IDENTIFYING orange potion
  8709 | D:8      | Found a staircase to the Lair.
  8744 | D:8      | 8744 ||| Stepping ~*~*~tactically~*~*~ (stealth).
  8746 | D:8      | 8746 ||| INVOKING Heroism.
  8848 | D:8      | 8848 ||| Stepping ~*~*~tactically~*~*~ (stealth).
  8849 | D:8      | 8849 ||| Stepping ~*~*~tactically~*~*~ (stealth).
  8850 | D:8      | 8850 ||| Stepping ~*~*~tactically~*~*~ (hiding).
  8853 | D:8      | 8853 ||| Stepping ~*~*~tactically~*~*~ (hiding).
  8854 | D:8      | 8854 ||| INVOKING Heroism.
  8927 | D:8      | 8927 ||| INVOKING Heroism.
  9079 | D:8      | 9079 ||| Stepping ~*~*~tactically~*~*~ (hiding).
  9084 | D:8      | 9084 ||| Stepping ~*~*~tactically~*~*~ (stealth).
  9091 | D:8      | 9091 ||| INVOKING Heroism.
  9100 | D:8      | 9100 ||| Stepping ~*~*~tactically~*~*~ (hiding).
  9214 | D:8      | 9214 ||| Stepping ~*~*~tactically~*~*~ (hiding).
  9219 | D:8      | 9219 ||| INVOKING Heroism.
  9236 | D:8      | 9236 ||| DROPPING +0 chain mail.
  9237 | D:8      | 9237 ||| UPGRADING to +0 plate armour.
  9272 | D:8      | 9272 ||| READING scroll labelled AHAIMEIWUAH.
  9273 | D:8      | 9273 ||| READING 2 scrolls of teleportation.
  9322 | D:8      | 9322 ||| Stepping ~*~*~tactically~*~*~ (hiding).
  9447 | D:8      | 9447 ||| PLANNING LAIR
  9481 | Lair:1   | Entered Level 1 of the Lair of Beasts
  9483 | Lair:1   | Noticed a cane toad
  9484 | Lair:1   | 9484 ||| INVOKING Heroism.
  9484 | Lair:1   | Noticed a cane toad
  9491 | Lair:1   | Killed a cane toad
  9491 | Lair:1   | Reached *** piety under Okawaru
  9492 | Lair:1   | Killed a cane toad
  9493 | Lair:1   | Reached skill level 6 in Armour
  9586 | Lair:1   | 9586 ||| INVOKING Heroism.
  9604 | Lair:1   | Reached **** piety under Okawaru
  9605 | Lair:1   | Reached skill level 11 in Axes
  9728 | Lair:1   | 9728 ||| Stepping ~*~*~tactically~*~*~ (stealth).
  9786 | Lair:1   | 9786 ||| INVOKING Heroism.
  9794 | Lair:1   | Reached XP level 11. HP: 69/69 MP: 11/14
  9979 | Lair:1   | 9979 ||| Stepping ~*~*~tactically~*~*~ (stealth).
  9982 | Lair:1   | 9982 ||| Stepping ~*~*~tactically~*~*~ (stealth).
  9985 | Lair:1   | 9985 ||| INVOKING Heroism.
  9997 | Lair:1   | Reached skill level 9 in Fighting
 10056 | Lair:1   | 10056 ||| INVOKING Heroism.
 10189 | Lair:1   | Noticed Harold
 10190 | Lair:1   | 10190 ||| INVOKING Heroism.
 10194 | Lair:1   | Killed Harold
 10364 | Lair:1   | 10364 ||| Stepping ~*~*~tactically~*~*~ (stealth).
 10365 | Lair:1   | 10365 ||| INVOKING Heroism.
 10374 | Lair:1   | Reached skill level 6 in Invocations
 10407 | Lair:1   | 10407 ||| INVOKING Heroism.
 10439 | Lair:1   | 10439 ||| INVOKING Heroism.
 10532 | Lair:1   | 10532 ||| INVOKING Heroism.
 10912 | Lair:1   | 10912 ||| READING scroll labelled BOFAEQ OVIUT.
 10913 | Lair:1   | 10913 ||| DRINKING 2 murky blue potions.
 10913 | Lair:1   | Gained mutation: You have a pair of small horns on your
                  | head. [potion of mutation]
 10914 | Lair:1   | 10914 ||| DROPPING +0 helmet.
 10967 | Lair:2   | 10967 ||| INVOKING Heroism.
 10968 | Lair:2   | 10968 ||| STAIRDANCE
 10996 | Lair:2   | 10996 ||| STAIRDANCE
 11100 | Lair:2   | 11100 ||| STAIRDANCE
 11171 | Lair:2   | 11171 ||| INVOKING Heroism.
 11362 | Lair:2   | 11362 ||| INVOKING Heroism.
 11637 | Lair:2   | 11637 ||| INVOKING Heroism.
 11646 | Lair:2   | Reached ***** piety under Okawaru
 11694 | Lair:2   | Reached XP level 12. HP: 75/76 MP: 18/18
 11728 | Lair:2   | 11728 ||| Stepping ~*~*~tactically~*~*~ (stealth).
 11736 | Lair:2   | Reached skill level 12 in Axes
 11738 | Lair:2   | 11738 ||| Stepping ~*~*~tactically~*~*~ (stealth).
 11740 | Lair:2   | 11740 ||| Stepping ~*~*~tactically~*~*~ (stealth).
 11741 | Lair:2   | 11741 ||| Stepping ~*~*~tactically~*~*~ (stealth).
 11743 | Lair:2   | 11743 ||| Stepping ~*~*~tactically~*~*~ (stealth).
 11744 | Lair:2   | 11744 ||| Stepping ~*~*~tactically~*~*~ (stealth).
 11753 | Lair:2   | 11753 ||| Stepping ~*~*~tactically~*~*~ (stealth).
 11768 | Lair:2   | 11768 ||| Stepping ~*~*~tactically~*~*~ (stealth).
 11770 | Lair:2   | 11770 ||| Stepping ~*~*~tactically~*~*~ (hiding).
 11826 | Lair:2   | Found a staircase to the Swamp.
 11842 | Lair:2   | Reached skill level 9 in Invocations
 11981 | Lair:2   | Found a transporter.
 11981 | Lair:2   | Found a transporter.
 11995 | Lair:2   | Noticed qw's ghost (journeyman GrFi)
 12079 | Lair:2   | 12079 ||| Stepping ~*~*~tactically~*~*~ (hiding).
 12091 | Lair:2   | Found a hole to the Spider Nest.
 12092 | Lair:2   | 12092 ||| INVOKING Heroism.
 12101 | Lair:2   | Received a gift from Okawaru
 12203 | Lair:2   | 12203 ||| DROPPING orb of wrath.
 12204 | Lair:2   | 12204 ||| READING scroll labelled SIRYCE CU XANN.
 12227 | Lair:3   | Noticed an eight-headed hydra
 12228 | Lair:3   | 12228 ||| INVOKING Heroism.
 12229 | Lair:3   | 12229 ||| INVOKING Finesse.
 12232 | Lair:3   | 12232 ||| SWAPPING to +5 demon whip "Spellbinder"
                  | {antimagic, Will+}.
 12238 | Lair:3   | Killed an eight-headed hydra
 12239 | Lair:3   | Reached skill level 6 in Shields
 12239 | Lair:3   | 12239 ||| SWAPPING to +3 vorpal war axe.
 12352 | Lair:3   | 12352 ||| INVOKING Heroism.
 12465 | Lair:3   | 12465 ||| Stepping ~*~*~tactically~*~*~ (stealth).
 12481 | Lair:3   | Noticed a six-headed hydra
 12482 | Lair:3   | 12482 ||| INVOKING Heroism.
 12483 | Lair:3   | 12483 ||| INVOKING Finesse.
 12485 | Lair:3   | 12485 ||| SWAPPING to +5 demon whip "Spellbinder"
                  | {antimagic, Will+}.
 12490 | Lair:3   | Killed a six-headed hydra
 12491 | Lair:3   | 12491 ||| SWAPPING to +3 vorpal war axe.
 12603 | Lair:3   | Noticed an eight-headed hydra
 12604 | Lair:3   | 12604 ||| INVOKING Heroism.
 12605 | Lair:3   | 12605 ||| SWAPPING to +5 demon whip "Spellbinder"
                  | {antimagic, Will+}.
 12606 | Lair:3   | 12606 ||| INVOKING Finesse.
 12612 | Lair:3   | Killed an eight-headed hydra
 12613 | Lair:3   | 12613 ||| SWAPPING to +3 vorpal war axe.
 12730 | Lair:3   | 12730 ||| Stepping ~*~*~tactically~*~*~ (stealth).
 12733 | Lair:3   | 12733 ||| Stepping ~*~*~tactically~*~*~ (stealth).
 12734 | Lair:3   | 12734 ||| Stepping ~*~*~tactically~*~*~ (stealth).
 12735 | Lair:3   | 12735 ||| Stepping ~*~*~tactically~*~*~ (stealth).
 12834 | Lair:3   | 12834 ||| INVOKING Heroism.
 12880 | Lair:3   | Noticed a seven-headed hydra
 12881 | Lair:3   | 12881 ||| Stepping ~*~*~tactically~*~*~ (stealth).
 12884 | Lair:3   | 12884 ||| INVOKING Heroism.
 12889 | Lair:3   | 12889 ||| SWAPPING to +5 demon whip "Spellbinder"
                  | {antimagic, Will+}.
 12893 | Lair:3   | Killed a seven-headed hydra
 12894 | Lair:3   | 12894 ||| SWAPPING to +3 vorpal war axe.
 12935 | Lair:3   | 12935 ||| Stepping ~*~*~tactically~*~*~ (stealth).
 12936 | Lair:3   | 12936 ||| INVOKING Heroism.
 13037 | Lair:3   | 13037 ||| Stepping ~*~*~tactically~*~*~ (stealth).
 13038 | Lair:3   | 13038 ||| Stepping ~*~*~tactically~*~*~ (stealth).
 13039 | Lair:3   | 13039 ||| Stepping ~*~*~tactically~*~*~ (stealth).
 13040 | Lair:3   | 13040 ||| Stepping ~*~*~tactically~*~*~ (stealth).
 13046 | Lair:3   | Reached skill level 13 in Axes
 13236 | Lair:3   | Found a white marble altar of Elyvilon.
 13455 | Lair:3   | 13455 ||| READING 2 scrolls labelled ODGHANN YXULONT.
 13456 | Lair:3   | 13456 ||| DROPPING scroll of noise.
 13470 | Lair:4   | 13470 ||| PLANNING GAUNTLET
 13493 | Lair:4   | Found a gate leading to a gauntlet.
 13502 | Gauntlet | Entered a Gauntlet
 13502 | Gauntlet | Found a transporter.
 13512 | Gauntlet | Found a transporter.
 13520 | Gauntlet | Found a runed translucent gate.
 13520 | Gauntlet | Found a runed translucent gate.
 13520 | Gauntlet | Found a runed translucent gate.
 13523 | Gauntlet | Found a transporter.
 13526 | Gauntlet | Found a transporter.
 13529 | Gauntlet | Noticed a thrashing horror
 13542 | Gauntlet | Found a transporter.
 13543 | Gauntlet | Noticed a thrashing horror
 13550 | Gauntlet | Found a transporter.
 13552 | Gauntlet | Noticed a cacodemon
 13561 | Gauntlet | Found a transporter.
 13572 | Gauntlet | Found a transporter.
 13580 | Gauntlet | Found a transporter.
 13581 | Gauntlet | Found a transporter.
 13600 | Gauntlet | Found a transporter.
 13611 | Gauntlet | Found a transporter.
 13669 | Gauntlet | Found a transporter.
 13678 | Gauntlet | Found a transporter.
 13768 | Gauntlet | 13768 ||| Stepping randomly (stuck).
 13786 | Gauntlet | 13786 ||| INVOKING Heroism.
 13803 | Gauntlet | Reached skill level 9 in Armour
 13809 | Gauntlet | 13809 ||| INVOKING Heroism.
 13948 | Gauntlet | 13948 ||| INVOKING Heroism.
 13956 | Gauntlet | Received a gift from Okawaru
 13960 | Gauntlet | Reached XP level 13. HP: 72/82 MP: 20/20
 14061 | Gauntlet | 14061 ||| DROPPING amulet of guardian spirit.
 14062 | Gauntlet | 14062 ||| READING scroll labelled EDYATEADUE.
 14062 | Gauntlet | Identified a scroll of acquirement
 14062 | Gauntlet | 14062 ||| ACQUIRING +2 vorpal broad axe
 14062 | Gauntlet | Acquired a +2 vorpal broad axe
 14064 | Gauntlet | 14064 ||| SWAPPING to +2 vorpal broad axe.
 14065 | Gauntlet | 14065 ||| DROPPING +3 vorpal war axe.
 14077 | Gauntlet | 14077 ||| INVOKING Heroism.
 14082 | Gauntlet | Reached skill level 3 in Throwing
 14110 | Gauntlet | Identified the amulet "Xisuted" {Acrobat Rampage *Slow
                  | rPois rN+++}
 14112 | Gauntlet | 14112 ||| UPGRADING to amulet "Xisuted" {Acrobat Rampage
                  | *Slow rPois rN+++}.
 14133 | Gauntlet | Noticed a minotaur
 14134 | Gauntlet | 14134 ||| Stepping ~*~*~tactically~*~*~ (stealth).
 14136 | Gauntlet | 14136 ||| INVOKING Heroism.
 14137 | Gauntlet | 14137 ||| INVOKING Finesse.
 14153 | Gauntlet | Killed a minotaur
 14335 | Lair:4   | 14335 ||| PLANNING LAIR
 14456 | Lair:4   | Found a staircase to the Slime Pits.
 14494 | Lair:4   | 14494 ||| INVOKING Heroism.
 14495 | Lair:4   | 14495 ||| INVOKING Finesse.
 14573 | Lair:4   | 14573 ||| Stepping ~*~*~tactically~*~*~ (stealth).
 14574 | Lair:4   | 14574 ||| INVOKING Heroism.
 14575 | Lair:4   | 14575 ||| SWAPPING to +5 demon whip "Spellbinder"
                  | {antimagic, Will+}.
 14576 | Lair:4   | 14576 ||| INVOKING Finesse.
 14582 | Lair:4   | 14582 ||| SWAPPING to +2 vorpal broad axe.
 14595 | Lair:4   | Received a gift from Okawaru
 14615 | Lair:4   | 14615 ||| INVOKING Heroism.
 14769 | Lair:4   | 14769 ||| INVOKING Heroism.
 14800 | Lair:4   | 14800 ||| INVOKING Heroism.
 14801 | Lair:4   | 14801 ||| INVOKING Finesse.
 14813 | Lair:4   | Reached skill level 14 in Axes
 14856 | Lair:4   | 14856 ||| INVOKING Heroism.
 15011 | Lair:4   | You fall into a shaft and drop 1 floor!
 15011 | Lair:5   | Entered Level 5 of the Lair of Beasts
 15012 | Lair:5   | 15012 ||| INVOKING Heroism.
 15019 | Lair:5   | Received a gift from Okawaru
 15063 | Lair:5   | 15063 ||| INVOKING Heroism.
 15066 | Lair:5   | 15066 ||| Stepping ~*~*~tactically~*~*~ (water).
 15209 | Lair:5   | 15209 ||| READING scroll of enchant weapon.
 15209 | Lair:5   | 15209 ||| ENCHANTING +2 vorpal broad axe.
 15463 | Lair:4   | 15463 ||| INVOKING Heroism.
 15550 | Lair:4   | Found a viscous altar of Jiyva.
 15564 | Lair:4   | 15564 ||| INVOKING Heroism.
 15589 | Lair:4   | 15589 ||| INVOKING Finesse.
 15693 | Lair:4   | 15693 ||| INVOKING Heroism.
 15697 | Lair:4   | 15697 ||| SWAPPING to +5 demon whip "Spellbinder"
                  | {antimagic, Will+}.
 15705 | Lair:4   | Reached skill level 6 in Throwing
 15705 | Lair:4   | 15705 ||| INVOKING Finesse.
 15713 | Lair:4   | 15713 ||| SWAPPING to +3 vorpal broad axe.
 15877 | Lair:4   | 15877 ||| INVOKING Heroism.
 15918 | Lair:4   | 15918 ||| INVOKING Heroism.
 16034 | Lair:4   | 16034 ||| INVOKING Heroism.
 16035 | Lair:4   | 16035 ||| SWAPPING to +5 demon whip "Spellbinder"
                  | {antimagic, Will+}.
 16036 | Lair:4   | 16036 ||| INVOKING Finesse.
 16050 | Lair:4   | Gained mutation: Your large and strong wings let you fly.
                  | [Gargoyle growth]
 16050 | Lair:4   | Reached XP level 14. HP: 54/90 MP: 1/21
 16055 | Lair:4   | 16055 ||| SWAPPING to +3 vorpal broad axe.
 16066 | Lair:4   | 16066 ||| Stepping ~*~*~tactically~*~*~ (stealth).
 16513 | Lair:4   | 16513 ||| READING 2 scrolls of identify.
 16513 | Lair:4   | 16513 ||| IDENTIFYING inky potion
 16514 | Lair:4   | 16514 ||| DROPPING potion of ambrosia.
 16546 | Lair:5   | 16546 ||| INVOKING Heroism.
 16547 | Lair:5   | 16547 ||| SWAPPING to +5 demon whip "Spellbinder"
                  | {antimagic, Will+}.
 16548 | Lair:5   | 16548 ||| INVOKING Finesse.
 16549 | Lair:5   | 16549 ||| Stepping ~*~*~tactically~*~*~ (outnumbered).
 16550 | Lair:5   | 16550 ||| Stepping ~*~*~tactically~*~*~ (outnumbered).
 16551 | Lair:5   | 16551 ||| Stepping ~*~*~tactically~*~*~ (outnumbered).
 16557 | Lair:5   | Reached skill level 15 in Axes
 16563 | Lair:5   | 16563 ||| SWAPPING to +3 vorpal broad axe.
 16814 | Lair:5   | 16814 ||| Stepping ~*~*~tactically~*~*~ (stealth).
 17019 | Lair:5   | 17019 ||| INVOKING Heroism.
 17052 | Lair:5   | 17052 ||| Stepping ~*~*~tactically~*~*~ (stealth).
 17055 | Lair:5   | 17055 ||| Stepping ~*~*~tactically~*~*~ (stealth).
 17066 | Lair:5   | 17066 ||| Stepping ~*~*~tactically~*~*~ (stealth).
 17225 | Lair:5   | 17225 ||| Stepping ~*~*~tactically~*~*~ (stealth).
 17226 | Lair:5   | 17226 ||| Stepping ~*~*~tactically~*~*~ (stealth).
 17295 | Lair:5   | 17295 ||| Stepping ~*~*~tactically~*~*~ (hiding).
 17296 | Lair:5   | 17296 ||| Stepping ~*~*~tactically~*~*~ (hiding).
 17298 | Lair:5   | 17298 ||| Stepping ~*~*~tactically~*~*~ (hiding).
 17416 | Lair:5   | 17416 ||| INVOKING Heroism.
 17417 | Lair:5   | 17417 ||| INVOKING Finesse.
 17419 | Lair:5   | 17419 ||| SWAPPING to +5 demon whip "Spellbinder"
                  | {antimagic, Will+}.
 17426 | Lair:5   | 17426 ||| SWAPPING to +3 vorpal broad axe.
 17431 | Lair:5   | Received a gift from Okawaru
 17556 | Lair:5   | 17556 ||| INVOKING Heroism.
 17557 | Lair:5   | 17557 ||| INVOKING Finesse.
 17629 | Lair:5   | Noticed Sonja
 17630 | Lair:5   | 17630 ||| Stepping ~*~*~tactically~*~*~ (hiding).
 17631 | Lair:5   | 17631 ||| Stepping ~*~*~tactically~*~*~ (hiding).
 17632 | Lair:5   | 17632 ||| INVOKING Finesse.
 17640 | Lair:5   | Killed Sonja
 17641 | Lair:5   | Reached skill level 12 in Fighting
 17649 | Lair:5   | 17649 ||| Stepping ~*~*~tactically~*~*~ (stealth).
 17650 | Lair:5   | 17650 ||| Stepping ~*~*~tactically~*~*~ (stealth).
 17802 | Lair:5   | 17802 ||| Stepping ~*~*~tactically~*~*~ (hiding).
 17822 | Lair:5   | Reached skill level 3 in Dodging
 17823 | Lair:5   | 17823 ||| INVOKING Heroism.
 17824 | Lair:5   | 17824 ||| INVOKING Finesse.
 17883 | Lair:5   | Found the ring of the Mage {Wiz Archmagi}
 17891 | Lair:5   | Identified the ring "Ruigizuoda" {rPois rF+ MP+9}
 17910 | Lair:5   | 17910 ||| INVOKING Heroism.
 17959 | Lair:5   | 17959 ||| Stepping ~*~*~tactically~*~*~ (stealth).
 18119 | Lair:5   | 18119 ||| PLANNING D:1-11
 18216 | D:9      | Noticed Maggie
 18217 | D:9      | 18217 ||| STAIRDANCE
 18239 | D:9      | 18239 ||| STAIRDANCE
 18241 | D:8      | 18241 ||| INVOKING Heroism.
 18255 | D:9      | 18255 ||| STAIRDANCE
 18296 | D:9      | Killed Maggie
 18615 | D:9      | Noticed Erolcha
 18616 | D:9      | 18616 ||| Stepping ~*~*~tactically~*~*~ (hiding).
 18620 | D:9      | 18620 ||| INVOKING Heroism.
 18621 | D:9      | 18621 ||| INVOKING Finesse.
 18622 | D:9      | Killed Erolcha
 18731 | D:9      | 18731 ||| Stepping ~*~*~tactically~*~*~ (stealth).
 18733 | D:9      | 18733 ||| Stepping ~*~*~tactically~*~*~ (stealth).
 18994 | D:9      | 18994 ||| UPGRADING to +4 ring of slaying {mikee}.
 18996 | D:9      | 18996 ||| DROPPING +6 ring of strength.
 19029 | D:10     | Entered Level 10 of the Dungeon
 19040 | D:10     | 19040 ||| INVOKING Heroism.
 19042 | D:10     | Found a staircase to the Orcish Mines.
 19223 | D:10     | 19223 ||| Stepping ~*~*~tactically~*~*~ (hiding).
 19224 | D:10     | 19224 ||| Stepping ~*~*~tactically~*~*~ (hiding).
 19226 | D:10     | 19226 ||| INVOKING Heroism.
 19228 | D:10     | 19228 ||| Stepping ~*~*~tactically~*~*~ (hiding).
 19247 | D:10     | Identified the +8 chain mail "Xastragye" {+Blink +Inv
                  | Dex+2} (Okawaru gifted it to you on level 10 of the
                  | Dungeon)
 19247 | D:10     | Received a gift from Okawaru
 19371 | D:10     | 19371 ||| INVOKING Heroism.
 19840 | D:10     | 19840 ||| DROPPING +2 scale mail of fire resistance.
 19841 | D:10     | 19841 ||| DROPPING +3 chain mail.
 19842 | D:10     | 19842 ||| UPGRADING to +8 chain mail "Xastragye" {+Blink
                  | +Inv Dex+2}.
 19852 | D:10     | 19852 ||| DROPPING +0 plate armour.
 19877 | D:11     | 19877 ||| FLEEEEING.
 19878 | D:11     | 19878 ||| FLEEEEING.
 19884 | D:11     | 19884 ||| FLEEEEING.
 19885 | D:11     | 19885 ||| STAIRDANCE
 20097 | D:11     | 20097 ||| Stepping ~*~*~tactically~*~*~ (stealth).
 20100 | D:11     | 20100 ||| INVOKING Heroism.
 20189 | D:11     | 20189 ||| READING scroll of enchant armour.
 20189 | D:11     | 20189 ||| ENCHANTING +1 cloak.
 20311 | D:11     | Noticed Erica
 20312 | D:11     | 20312 ||| INVOKING Heroism.
 20313 | D:11     | 20313 ||| INVOKING Finesse.
 20319 | D:11     | Killed Erica
 20320 | D:11     | Reached skill level 16 in Axes
 20699 | D:11     | 20699 ||| Stepping ~*~*~tactically~*~*~ (stealth).
 20704 | D:11     | 20704 ||| INVOKING Heroism.
 20710 | D:11     | 20710 ||| Stepping ~*~*~tactically~*~*~ (stealth).
 20723 | D:11     | 20723 ||| Stepping ~*~*~tactically~*~*~ (stealth).
 20724 | D:11     | 20724 ||| Stepping ~*~*~tactically~*~*~ (stealth).
 20733 | D:11     | 20733 ||| INVOKING Heroism.
 20734 | D:11     | 20734 ||| Stepping ~*~*~tactically~*~*~ (stealth).
 20748 | D:11     | 20748 ||| Stepping ~*~*~tactically~*~*~ (stealth).
 20903 | D:11     | 20903 ||| PLANNING D
 20903 | D:11     | 20903 ||| READING scroll labelled CUIDGH AVULYR.
 21004 | D:11     | 21004 ||| READING 9 scrolls of identify.
 21004 | D:11     | 21004 ||| IDENTIFYING emerald potion
 21304 | D:12     | 21304 ||| Stepping ~*~*~tactically~*~*~ (hiding).
 21311 | D:12     | 21311 ||| Stepping ~*~*~tactically~*~*~ (hiding).
 21317 | D:12     | 21317 ||| DRINKING 7 potions of curing.
 21317 | D:12     | 21317 ||| (to cure confusion)
 21520 | D:12     | Reached XP level 15. HP: 96/96 MP: 22/22
 21720 | D:12     | 21720 ||| Stepping ~*~*~tactically~*~*~ (stealth).
 21723 | D:12     | 21723 ||| Stepping ~*~*~tactically~*~*~ (hiding).
 21730 | D:12     | 21730 ||| INVOKING Heroism.
 21785 | D:12     | 21785 ||| Stepping ~*~*~tactically~*~*~ (stealth).
 21786 | D:12     | 21786 ||| Stepping ~*~*~tactically~*~*~ (stealth).
 21787 | D:12     | 21787 ||| Stepping ~*~*~tactically~*~*~ (stealth).
 22020 | D:13     | Found Gumominu's Weapon Boutique.
 22028 | D:13     | 22028 ||| SHOPLISTING +10 morningstar of Lithew {speed,
                  | rElec} (1140 gold, have 956).
 22098 | D:13     | Found a shadowy altar of Dithmenos.
 22100 | D:13     | 22100 ||| Stepping ~*~*~tactically~*~*~ (stealth).
 22101 | D:13     | 22101 ||| Stepping ~*~*~tactically~*~*~ (stealth).
 22105 | D:13     | 22105 ||| Stepping ~*~*~tactically~*~*~ (stealth).
 22584 | D:13     | 22584 ||| Stepping ~*~*~tactically~*~*~ (hiding).
 22711 | D:13     | 22711 ||| UPGRADING to +0 kite shield.
 22722 | D:13     | 22722 ||| DROPPING +0 buckler.
 22741 | D:13     | 22741 ||| READING 11 scrolls of identify.
 22741 | D:13     | 22741 ||| IDENTIFYING white potion
 22742 | D:13     | 22742 ||| DROPPING potion of degeneration.
 23012 | D:14     | 23012 ||| READING scroll of acquirement.
 23012 | D:14     | 23012 ||| ACQUIRING 401 gold pieces
 23012 | D:14     | Acquired 401 gold pieces
 23122 | D:14     | 23122 ||| Stepping ~*~*~tactically~*~*~ (hiding).
 23128 | D:14     | Reached skill level 9 in Shields
 23202 | D:14     | Noticed Jorgrun
 23203 | D:14     | 23203 ||| INVOKING Heroism.
 23213 | D:14     | Killed Jorgrun
 23332 | D:14     | Found a gate to the Vaults.
 23446 | D:14     | 23446 ||| READING 7 scrolls of teleportation.
 23450 | D:14     | 23450 ||| INVOKING Heroism.
 23510 | D:14     | 23510 ||| Stepping ~*~*~tactically~*~*~ (stealth).
 23520 | D:14     | 23520 ||| Stepping ~*~*~tactically~*~*~ (stealth).
 23580 | D:14     | Identified the +1 rapier of Laceration {vamp, rElec rF+ rN+
                  | Str+2 Int+3}
 23751 | D:14     | 23751 ||| INVOKING Heroism.
 23783 | D:14     | 23783 ||| Stepping ~*~*~tactically~*~*~ (stealth).
 23784 | D:14     | 23784 ||| Stepping ~*~*~tactically~*~*~ (stealth).
 23787 | D:14     | 23787 ||| Stepping ~*~*~tactically~*~*~ (hiding).
 23788 | D:14     | 23788 ||| Stepping ~*~*~tactically~*~*~ (hiding).
 23795 | D:14     | 23795 ||| INVOKING Heroism.
 24095 | D:15     | Entered Level 15 of the Dungeon
 24096 | D:15     | 24096 ||| INVOKING Heroism.
 24101 | D:15     | HP: 23/96 [mirror damage (16)]
 24101 | D:15     | HP: 11/96 [meliai/divine providence (12)]
 24101 | D:15     | Killed from afar by a meliai

Levels and vault maps discovered:
D:1:      nicolae_arrival_somewhat_less_tricky_arrival, layout_loops_ring,
          shapermc_ecumenical_altar_acropolis, minmay_pentomino_o4
D:2:      layout_basic, serial_shops, nicolae_shop_statue_plus,
          uniq_crazy_yiuf_cottage
D:3:      layout_basic, lemuel_crystal_altar, st_stairs_10
D:4:      layout_loops_ring, nicolae_titane, uniq_edmund
D:5:      layout_loops_ring, minmay_misc_feat_room, st_stairs_6, uniq_eustachio
D:6:      layout_rooms, grunt_temple_overflow_open,
          minmay_temple_entry_nine_rooms
D:7:      layout_loops_ring, serial_shops, kennysheep_little_box,
          nicolae_stop_n_shop_2, nicolae_shop_trees, uniq_menkaure
D:8:      layout_rooms, lair_entry_dummy, fungi_pond_lemuel,
          hangedman_glass_teeth
D:9:      layout_gridville, uniq_erolcha, uniq_maggie
D:10:     layout_long_grid, erik_orc_4
D:11:     layout_long_grid, special_room [special_room_kobold], uniq_erica
D:12:     layout_small_grid, minmay_diced_spiral
D:13:     layout_loops_cross, serial_shops, nicolae_shop_bloodbath_and_beyond,
          corexii_checkpoint_b, nicolae_dithmenos_shadow_blocks
D:14:     layout_irregular_city, skrybe_vaults_entry_preservation,
          minmay_misc_feat_doors, minmay_checkerbox, uniq_jorgrun
D:15:     grunt_enter_depths_snipers, layout_cave_pools,
          nicolae_twisting_strands, serial_shops, shop,
          minmay_misc_feat_columns, uniq_azrael, uniq_kirke, uniq_agnes,
          uniq_louise
Temple:   minmay_temple_bridge_d
Lair:1:   layout_cave_pods, beast_lair_carwin_8, uniq_harold
Lair:2:   layout_big_grid, swamp_mist, spider_nest_entry_funnel_web,
          gammafunk_ghost_hive, st_stairs_11, columned_hall_lemuel,
          chequers_serial_rivers_room_a, infiniplex_staircase_pool_2
Lair:3:   layout_long_grid, basic_altar
Lair:4:   nzn_winding_woodlands_large [nzn_winding_woodlands_5x5_three,
          nzn_winding_woodlands_5x15_garden,
          nzn_winding_woodlands_5x5_perimeter,
          nzn_winding_woodlands_center_garden,
          nzn_winding_woodlands_15x15_boxy_spiral,
          nzn_winding_woodlands_center_triple_pond,
          nzn_winding_woodlands_5x5_default, nzn_winding_woodlands_5x15_parted,
          nzn_winding_woodlands_5x5_checkerboard], layout_regular_city,
          slime_entry_1, gauntlet_entry_generic
Lair:5:   gammafunk_lair_ancient_temple, layout_small_grid, ldierk_geyser,
          nicolae_quartered_pool_little, lemuel_fruit_tree, uniq_sonja

Skill      XL: |  1  2  3  4  5  6  7  8  9 10 11 12 13 14 15 |
---------------+----------------------------------------------+-----
Axes           | 2 3 5 6 7 8 10 11 13 14 16 | 16.6
Dodging        | 1 2 3 |  3.0
Fighting       | 4 6 7 8 9 10 11 12 | 12.0
Throwing       | 1 2 6 7 |  7.0
Shields        | 4 5 6 7 8 11 | 11.2
Invocations    | 4 8 10 | 10.0
Armour         | 7 8 9 10 | 10.0

Action                   |  1- 3 |  4- 6 |  7- 9 | 10-12 | 13-15 || total
-------------------------+-------+-------+-------+-------+-------++-------
Melee: War axe           |   103 |   146 |   284 |   438 |    15 ||   986
       Headbutt          |       |       |       |    56 |   149 ||   205
       Demon whip        |       |       |       |    15 |    51 ||    66
       Broad axe         |       |       |       |       |   643 ||   643
Throw: Boomerang         |       |       |    49 |    91 |       ||   140
       Javelin           |       |       |       |       |   154 ||   154
Invok: Heroism           |       |       |     3 |    30 |    37 ||    70
       Finesse           |       |       |       |     3 |    14 ||    17
  Use: Scroll            |     2 |     7 |     8 |     8 |     9 ||    34
       Potion            |     1 |       |     3 |     1 |     1 ||     6
Armor: Scale mail        |    56 |    44 |    94 |    24 |       ||   218
       Ring mail         |       |    10 |     3 |       |       ||    13
       Plate armour      |       |       |       |   164 |   184 ||   348
       Skin              |       |       |       |     1 |       ||     1
       Chain mail        |       |       |       |       |   114 ||   114
Dodge: Dodged            |    45 |    59 |   161 |   173 |   309 ||   747
Block: Buckler           |    15 |    25 |    57 |    83 |   119 ||   299
       Kite shield       |       |       |       |       |    51 ||    51

Table legend:
 A = Non-vault XP
 B = Vault XP
 C = Vault XP percentage of total XP
 D = Non-vault monster count
 E = Vault monster count
 F = Vault count percentage of total count
                 A         B        C        D         E       F
            +---------+---------+-------+---------+---------+-------
      Total |   68485 |   43203 |  38.7 |     412 |     135 |  24.7
            +---------+---------+-------+---------+---------+-------
        D:1 |      41 |       4 |   8.9 |      25 |       3 |  10.7
        D:2 |     104 |       0 |   0.0 |      22 |       0 |   0.0
        D:3 |      26 |       4 |  13.3 |      15 |       3 |  16.7
        D:4 |     445 |     162 |  26.7 |      19 |       1 |   5.0
        D:5 |     876 |     313 |  26.3 |      22 |       2 |   8.3
        D:6 |     557 |       0 |   0.0 |      12 |       0 |   0.0
        D:7 |    2466 |     172 |   6.5 |      41 |       1 |   2.4
        D:8 |    2265 |       0 |   0.0 |      45 |       0 |   0.0
        D:9 |     862 |    1222 |  58.6 |       9 |       2 |  18.2
       D:10 |    3070 |     663 |  17.8 |      29 |      15 |  34.1
       D:11 |    4459 |    3153 |  41.4 |      16 |      27 |  62.8
       D:12 |    4492 |     728 |  13.9 |      19 |       2 |   9.5
       D:13 |    3150 |       3 |   0.1 |       6 |       2 |  25.0
       D:14 |    7955 |    9948 |  55.6 |      13 |      14 |  51.9
       D:15 |     816 |       0 |   0.0 |       1 |       0 |   0.0
     Lair:1 |    5028 |    2492 |  33.1 |      22 |       9 |  29.0
     Lair:2 |    4895 |    1445 |  22.8 |      21 |       4 |  16.0
     Lair:3 |    9550 |       0 |   0.0 |      25 |       0 |   0.0
     Lair:4 |    9209 |    9223 |  50.0 |      27 |      18 |  40.0
     Lair:5 |    8219 |    7674 |  48.3 |      23 |      17 |  42.5
   Gauntlet |       0 |    5997 | 100.0 |       0 |      15 | 100.0
            +---------+---------+-------+---------+---------+-------
